Map: [TLMC17] Erreholm

Players

Geralt (Gerald)

  • Race: Protoss Protoss
  • League: Grandmaster
  • Spawn Location: 7:00

LiquidClem (Clem) - Winner!

  • Race: Terran Terran
  • League: Grandmaster
  • Spawn Location: 1:00

VOD

Have the link to the VOD?

Description

Time

  • Played on: Jan. 21, 2025, 10:47 a.m.
  • Length: 5:43
Show
View Real Time Build Order
Export as new Build Order

Geralt Protoss 

Build Orders: 1 Gate Expand, Blink Stalkers 

Get SALT Encoding   

  12  0:00  Probe  
  13  0:12  Probe  
  14  0:18  Pylon  
  14  0:22  Probe  
  15  0:32  Probe  
  15  0:37  Gateway  
  15  0:41  Probe  
  16  0:45  Assimilator  
  17  0:53  Probe  
  18  1:05  Probe  
  19  1:18  Probe  
  20  1:25  Cybernetics Core  
  22  1:30  Probe  
  23  1:39  Nexus  
  21  1:42  Probe  
  22  1:48  Pylon  
  22  1:52  Assimilator  
  23  1:54  Probe  
  23  1:58  Sentry  
  23  2:06  Probe  
  25  2:18  Warp Gate, Probe  
  25  2:22  Adept  
  28  2:30  Probe  
  29  2:37  Shield Battery  
  29  2:42  Probe  
  30  2:44  Twilight Council  
  30  2:49  Stalker  
  30  2:51  Probe  
  30  2:54  Probe  
  34  2:59  Gateway  
  34  3:03  Probe  
  35  3:06  Probe  
  36  3:16  Probe  
  36  3:17  Shield Battery  
  36  3:18  Probe  
  36  3:19  Stalker  
  40  3:28  Probe, Blink  
  40  3:30  Pylon  
  40  3:31  Probe  
  42  3:40  Probe  
  43  3:42  Stalker, Pylon  
  43  3:44  Robotics Facility  
  43  3:49  Probe  
  43  3:52  Probe  
  45  3:57  Pylon  
  45  4:00  Gateway  
  45  4:06  Stalker  
  45  4:08  Stalker  
  49  4:11  Probe  
  48  4:30  Stalker  
  50  4:37  Probe  
  53  4:40  Shield Battery  
  53  4:41  Pylon  
  53  4:44  Stalker  
  51  4:50  Probe  
  51  4:52  Probe  
  51  4:56  Gateway x2  
  50  5:02  Probe  
  50  5:03  Stalker  
  50  5:04  Probe  
  49  5:15  Stalker  
  49  5:17  Probe  
  49  5:20  Probe  
  52  5:27  Stalker  
  38  5:40  Stalker  
Show
View Real Time Build Order
Export as new Build Order

LiquidClem Terran - Winner!

Build Orders: Cyclone Opening 

Get SALT Encoding   

  12  0:00  SCV  
  13  0:12  SCV  
  14  0:17  Supply Depot  
  14  0:24  SCV  
  15  0:38  SCV  
  15  0:39  Barracks  
  15  0:42  Refinery  
  16  0:50  SCV  
  16  0:57  Refinery  
  17  1:02  SCV  
  18  1:14  SCV  
  19  1:27  Orbital Command, Reaper  
  19  1:30  Supply Depot  
  20  1:41  Factory  
  20  1:53  SCV  
  21  1:59  Barracks Reactor  
  21  2:05  SCV  
  22  2:16  Command Center  
  22  2:18  SCV  
  23  2:31  Starport, Factory Tech Lab  
  23  2:36  Supply Depot  
  23  2:39  Marine  
  23  2:42  Marine  
  25  2:51  Cyclone  
  25  2:57  Marine  
  29  3:00  Marine  
  30  3:07  Medivac  
  32  3:15  SCV, Marine  
  32  3:18  Marine  
  35  3:25  Siege Tank  
  38  3:28  SCV  
  38  3:34  Marine  
  39  3:35  Marine  
  39  3:40  Viking  
  43  3:45  Orbital Command  
  43  3:49  SCV  
  43  3:52  Marine  
  43  3:53  Marine  
  46  4:01  Siege Tank  
  49  4:04  Supply Depot  
  49  4:08  SCV  
  49  4:09  Marine  
  50  4:12  Marine  
  50  4:14  SCV  
  53  4:20  SCV  
  53  4:26  SCV  
  53  4:29  Viking  
  53  4:30  Marine  
  57  4:32  SCV  
  57  4:33  Supply Depot  
  58  4:38  Marine  
  58  4:42  Siege Tank  
  58  4:43  SCV  
  60  4:46  SCV  
  60  4:48  Marine  
  61  4:52  Supply Depot  
  61  4:55  SCV  
  61  4:58  Marine  
  61  4:59  SCV  
  64  5:05  Viking  
  64  5:06  Marine  
  66  5:07  SCV  
  66  5:08  Supply Depot  
  66  5:11  SCV  
  67  5:16  Marine  
  67  5:20  Barracks  
  66  5:24  Marine  
  66  5:25  SCV x2  
  71  5:36  Supply Depot  
Tags
 
Add a new tag
Caveats
  • Supply blocks, unpowered buildings, or Contaminate may cause inaccurate times.
  • Supply counts are checked every 10 seconds.